 Dungeon Crawl Stone Soup version 0.28.0 (webtiles) character file.

Game seed: 8592686995624077824

134298 Hasart the Cleaver (level 16, -6/135 HPs)
             Began as a Demigod Fighter on Feb 16, 2022.
             Killed from afar by Arachne (40 damage)
             ... with a poison arrow
             ... on level 4 of the Spider Nest.
             The game lasted 01:35:22 (42313 turns).

Hasart the Cleaver (Demigod Fighter)               Turns: 42313, Time: 01:35:23

Health: -6/135     AC: 41    Str: 33      XL:     16   Next: 12%
Magic:  21/21      EV: 11    Int: 18      God:
Gold:   3090       SH: 18    Dex: 12 (13) Spells: 10/17 levels left

rFire   + + .      SeeInvis .   a - +0 war axe (spect)
rCold   + + .      Faith    .   X - +2 kite shield {rC+}
rNeg    + . .      Spirit   .   U - +15 Maxwell's patent armour {-Cast -Tele rElec Will+ rCorr}
rPois   +          Reflect  +   R - +1 helmet of Restlessness {Will+}
rElec   +          Harm     .   T - +2 cloak {rF+}
rCorr   +          Rampage  .   Y - +1 pair of gloves of the Shoals {rPois rF+ Str+4}
Will    ++++.      NoTele   +   F - +2 pair of boots "Ibli Cethri" {rC+ Stlth+}
Stlth   .......... NoCast   +   l - amulet of Tose Suu {Reflect Fly rN+ Will+ SH+5}
HPRegen 0.32/turn               h - +4 ring of slaying
MPRegen 0.17/turn               b - ring of poison resistance

@: mighty, lethally poisoned (-6 -> -23), flying
A: high MP 1, forlorn, divine attributes
a: no special abilities


You were on level 4 of the Spider Nest.
You visited 4 branches of the dungeon, and saw 27 of its levels.
You also visited: Gauntlet, Ice Cave and Volcano.

You collected 3936 gold pieces.
You spent 846 gold pieces at shops.

Inventory:

Hand Weapons
 a - a +0 spectral war axe (weapon)
 u - a +2 morningstar of flaming
 H - a +2 hand axe of venom
Missiles
 k - a throwing net
 G - 4 curare-tipped darts
 K - 4 javelins
 V - 8 boomerangs (quivered)
Armour
 n - the +1 troll leather armour of Cynosih {Regen+ Int+3 Stlth+}
   (You found it in a Gauntlet)

   Int:       It affects your intelligence (+3).
   Regen:     It increases your rate of health regeneration.
   Stlth:     It makes you more stealthy.
 z - the +3 chain mail "Taenn" {Drain +Blink rC+ rCorr Dex+3}
   (You found it on level 6 of the Dungeon)

   Dex:       It affects your dexterity (+3).
   rC:        It protects you from cold.
   +Blink:    It lets you blink.
   rCorr:     It protects you from acid and corrosion.
   Drain:     It drains your maximum health when unequipped.
 F - the +2 pair of boots "Ibli Cethri" (worn) {rC+ Stlth+}
   (You bought it in a shop on level 11 of the Dungeon)

   rC:        It protects you from cold.
   Stlth:     It makes you more stealthy.
 M - a +0 crystal plate armour of cold resistance
 R - the +1 helmet of Restlessness (worn) {Will+}
   (You found it in a volcano)

   Will:      It increases your willpower.
 S - a +1 plate armour of willpower
 T - a +2 cloak of fire resistance (worn)
 U - the +15 Maxwell's patent armour (worn) {-Cast -Tele rElec Will+ rCorr}
   (You found it on level 6 of the Lair of Beasts)

   rElec:     It insulates you from electricity.
   -Cast:     It prevents spellcasting.
   -Tele:     It prevents most forms of teleportation.
   rCorr:     It protects you from acid and corrosion.
   Will:      It increases your willpower.
 X - a +2 kite shield of cold resistance (worn)
 Y - the +1 pair of gloves of the Shoals (worn) {rPois rF+ Str+4}
   (You bought it in a shop on level 11 of the Dungeon)

   Str:       It affects your strength (+4).
   rF:        It protects you from fire.
   rPois:     It protects you from poison.
Jewellery
 b - a ring of poison resistance (right hand)
 h - a +4 ring of slaying (left hand)
 l - the amulet of Tose Suu (around neck) {Reflect Fly rN+ Will+ SH+5}
   (You found it in a Gauntlet)

   [amulet of reflection]

   It reflects blocked missile attacks.
   rN:        It protects you from negative energy.
   Fly:       It grants you flight.
   SH:        It affects your SH (+5).
   Will:      It increases your willpower.
 q - a ring of resist corrosion
 r - an amulet of regeneration
 B - a ring of protection from cold
 E - a ring of see invisible
 L - the ring "Nicher" {Ice rElec rN+}
   (You found it on level 1 of the Spider Nest)

   [ring of ice]

   It enhances your ice magic.
   rF:        It makes you vulnerable to fire.
   rC:        It protects you from cold.
   rElec:     It insulates you from electricity.
   rN:        It protects you from negative energy.
 Q - a ring of flight
Wands
 s - a wand of iceblast (19)
 y - a wand of digging (2)
 C - a wand of paralysis (12)
 I - a wand of charming (3)
 J - a wand of acid (15)
 Z - a wand of flame (10)
Scrolls
 g - 2 scrolls of fear
 j - 7 scrolls of teleportation
 o - 3 scrolls of enchant armour
 A - 3 scrolls of fog
 D - 2 scrolls of amnesia
 P - 2 scrolls of identify
 W - a scroll of brand weapon
Potions
 c - 2 potions of cancellation
 d - 3 potions of might
 e - 2 potions of resistance
 f - 5 potions of heal wounds
 i - 13 potions of ambrosia
 m - 12 potions of curing
 p - 7 potions of brilliance
 t - 6 potions of mutation
 v - 2 potions of invisibility
 x - a potion of lignification
 N - 2 potions of berserk rage
 O - 2 potions of haste


   Skills:
 + Level 10.5 Fighting
 * Level 14.7 Axes
 + Level 10.0 Throwing
 + Level 10.7 Armour
 - Level 10.2 Dodging
 + Level 10.5 Shields
 + Level 1.2 Spellcasting
 * Level 2.0 Translocations
 + Level 9.7 Evocations


You had 10 spell levels left.
You knew the following spells:

 Your Spells              Type           Power      Damage    Failure   Level
a - Blink                 Tloc           16%        N/A       86%         2
b - Manifold Assault      Tloc           8%         N/A       100%        5

Your spell library contained the following spells:

 Spells                   Type           Power      Damage    Failure   Level
 Apportation              Tloc           16%        N/A       73%         1
 Lesser Beckoning         Tloc           8%         N/A       97%         3
 Corpse Rot               Necr/Air       2%         N/A       98%         2
 Static Discharge         Conj/Air       1%         N/A       98%         2
 Portal Projectile        Hex/Tloc       8%         N/A       99%         3
 Call Canine Familiar     Summ           1%         N/A       100%        3
 Inner Flame              Hex/Fire       1%         N/A       100%        3
 Ozocubu's Armour         Ice            1%         N/A       100%        3
 Tukima's Dance           Hex            1%         N/A       100%        3
 Anguish                  Hex/Necr       0%         N/A       100%        4
 Animate Armour           Summ/Erth      2%         N/A       100%        4
 Cause Fear               Hex            0%         N/A       100%        4
 Dispel Undead            Necr           1%         3d6       100%        4
 Fulminant Prism          Conj/Hex       0%         3d6       100%        4
 Iskenderun's Mystic Bla  Conj/Tloc      4%         2d3       100%        4
 Leda's Liquefaction      Hex/Erth       0%         N/A       100%        4
 Alistair's Intoxication  Tmut/Pois      0%         N/A       100%        5
 Blade Hands              Tmut           0%         N/A       100%        5
 Lee's Rapid Deconstruct  Erth           0%         3d5*      100%        5
 Lightning Bolt           Conj/Air       0%         1d11      100%        5
 Death Channel            Necr           0%         N/A       100%        6
 Iron Shot                Conj/Erth      0%         9d1       100%        6
 Enfeeble                 Hex            0%         N/A       100%        7
 Malign Gateway           Summ/Tloc      2%         N/A       100%        7
 Ozocubu's Refrigeration  Ice            0%         4d5       100%        7
 Discord                  Hex            0%         N/A       100%        8
 Maxwell's Capacitive Co  Air            0%         ∞         100%        8
 Summon Horrible Things   Summ           0%         N/A       100%        8


Dungeon Overview and Level Annotations

Branches:
Dungeon (15/15)            Temple (0/1) D:7            Lair (6/6) D:10
 Shoals (0/4) Lair:2       Spider (4/4) Lair:4        Slime (0/5) Lair:5
    Orc (2/2) D:10            Elf (0/3) Orc:2        Vaults (0/5) D:14
 Depths (0/4) D:15          IceCv (visited)         Volcano (visited)
Gauntlet (visited)

Shops:
D:6 *   D:7 *   D:11 *   Orc:2 :**([(

Portals:
Trove: D:10 (show slimy rune of Zot)

Annotations:
D:8 2 transporters, exclusion: ice statue, LohmatiyShmel's ghost, novice GrFi
D:14 3 runed translucent doors, Garym's ghost, journeyman MiBe
D:15 2 transporters, Ruat's ghost, adept DECj
Lair:1 2 transporters, Exopec Gyir's ghost, journeyman PaBe
Spider:2 1 runed translucent door, Detar's ghost, adept HOFi
Spider:4 Arachne


Innate Abilities, Weirdness & Mutations

You have an increased reservoir of magic. (+10% MP)
You shall have no god before yourself.
Your divine heritage dramatically boosts your attributes as you level up.


Message History

You are caught in a web!
Unknown command.
The web tears apart.
You feel very sick. Arachne completely misses you. You block Arachne's attack.
You closely miss Arachne.
Arachne is moderately wounded.
Your +0 spectral war axe hits Arachne!
You feel sick.
Arachne stares at you and mumbles some strange words.
The bolt of poison hits you but does no damage.
You resist.
You slash Arachne!
Arachne is heavily wounded.
Your +0 spectral war axe hits Arachne!!
You feel very sick.
Arachne hits your +0 spectral war axe with a staff of poison!!
Your spectral weapon shares its damage with you!
You slice Arachne!!
Arachne is severely wounded.
Your +0 spectral war axe hits Arachne!
You feel sick.
Arachne looks more healthy.
Arachne hits you with a staff of poison.
Arachne envenoms you.
* * * LOW HITPOINT WARNING * * *
You block Arachne's attack.
You closely miss Arachne.
Arachne is severely wounded.
Your +0 spectral war axe hits Arachne!
You feel sick.
Arachne points her staff at you, shooting a stream of webbing.
The stream of webbing hits you but does no damage.
You are caught in a web!
Unknown command.
The web tears apart.
You feel sick. Arachne hits you but does no damage. Arachne envenoms you.
* * * LOW HITPOINT WARNING * * *
Arachne stares at you and mumbles some strange words.
The poison arrow hits you!!!
You are more poisoned.
You partially resist.
You die...

##..( #### #
#....##.#.#.#.
#...#..H.....
#........^..
#....#####.
#..#...#..#
####.#...##
###..## #..@##
###§H## ##.^#
#.^## ####


You could see Arachne (empowered).

Vanquished Creatures
  A sphinx (D:12)
  An emperor scorpion (Spider:2)
  4 ghost moths
  A very ugly thing (D:15)
  2 broodmothers
  A reaper (IceCv)
  An entropy weaver (Spider:2)
  A dire elephant (Gauntlet)
  A minotaur (Gauntlet)
  Josephine (Lair:6)
  2 ettins
  12 hydras
  4 ogre magi
  Erica (Lair:1)
  3 catoblepae
  A radroach (Spider:1)
  A hell beast (Gauntlet)
  4 boulder beetles
  6 centaur warriors
  20 two-headed ogres
  An alligator (shapeshifter) (D:15)
  5 death yaks
  A death scarab (Spider:2)
  Sonja (D:13)
  A slime creature (D:15)
  6 orb spiders
  A pharaoh ant (Spider:2)
  A glowing orange brain (D:15)
  4 steelbarb worms
  2 deep trolls (Orc:2)
  A wizard (Gauntlet)
  Pikel (D:4)
  2 deep elf pyromancers (D:12)
  4 manticores
  An orc sorcerer (Orc:2)
  17 wolf spiders
  4 ugly things
  A salamander (Volcano)
  7 cyclopes
  2 moths of wrath
  An elephant (Gauntlet)
  An ice statue (IceCv)
  4 black mambas
  2 gargoyles
  7 cane toads
  Maggie (D:7)
  5 torpor snails
  3 demonic crawlers
  9 rime drakes
  2 komodo dragons
  2 unseen horrors
  2 efreet
  A kobold demonologist (D:13)
  An anaconda simulacrum (IceCv)
  11 polar bears
  6 meliai (Spider:2)
  A polar bear (shapeshifter) (D:14)
  A queen bee (Spider:2)
  10 trolls
  4 raiju (Lair:6)
  18 tarantellas
  A hornet (D:9)
  Grinder (D:3)
  A blink frog (shapeshifter) (D:13)
  9 blink frogs
  6 dream sheep (Lair:6)
  15 jumping spiders
  Sigmund (D:3)
  15 culicivoras
  4 wraiths
  3 dire elephant simulacra (IceCv)
  A vampire (D:12)
  35 yaks
  7 wyverns (Lair:5)
  Eustachio (D:6)
  4 basilisks
  29 redbacks
  A steam dragon (D:7)
  12 vampire mosquitoes
  A death yak simulacrum (IceCv)
  A swamp worm (shapeshifter) (D:15)
  9 wargs
  2 acid dragons
  A two-headed ogre zombie (D:10)
  A harpy simulacrum (IceCv)
  19 hell hounds
  11 water moccasins
  Duvessa (D:5)
  An ice beast (D:6)
  11 orc warriors
  A necrophage (D:6)
  12 black bears
  50 wolves
  4 centaurs
  25 ogres
  2 phantoms (D:10)
  2 kobold brigands
  12 bullfrogs
  A gnoll sergeant (D:8)
  A scorpion (D:5)
  3 two-headed ogre simulacra (IceCv)
  A cane toad simulacrum (IceCv)
  Dowan (D:5)
  A troll zombie (D:10)
  4 elephant simulacra (IceCv)
  26 killer bees
  A jelly (D:4)
  4 wights (D:9)
  8 howler monkeys
  5 electric eels
  A bullfrog zombie (D:5)
  5 centaur zombies
  13 orc priests
  11 hounds
  2 iguanas
  18 orc wizards
  10 hell rats (Lair:5)
  2 polar bear simulacra (IceCv)
  4 troll simulacra (IceCv)
  3 wolf simulacra (IceCv)
  8 spriggan simulacra (IceCv)
  6 ogre zombies (D:10)
  A hound skeleton (D:4)
  3 howler monkey zombies
  7 gnolls
  5 adders
  12 naga simulacra (IceCv)
  A shadow imp (Gauntlet)
  5 white imps
  8 ufetubi
  A worm (D:5)
  2 dart slugs
  59 orcs
  8 endoplasms
  3 giant cockroaches (D:2)
  5 goblins
  5 hobgoblins
  5 jackals
  3 quokkas
  5 ball pythons
  3 bats
  2 frilled lizards (D:1)
  2 goblin skeletons (D:10)
  4 goblin zombies (D:10)
  A hobgoblin skeleton (D:10)
  3 hobgoblin zombies (D:10)
  10 kobolds
  3 orc skeletons (D:10)
  12 orc zombies (D:10)
  6 rats
  A butterfly (D:9)
859 creatures vanquished.

Vanquished Creatures (others)
  A deep elf pyromancer (D:15)
  A jumping spider (Spider:1)
  2 bushes
  28 fungi
  88 plants
120 creatures vanquished.

Grand Total: 979 creatures vanquished

Notes
Turn   | Place    | Note
-------+----------+-------------------------------------------
     0 | D:1      | Hasart the Demigod Fighter began the quest for the Orb.
     0 | D:1      | Reached XP level 1. HP: 18/18 MP: 3/3
   289 | D:1      | Reached skill level 2 in Axes
   293 | D:1      | Reached XP level 2. HP: 21/25 MP: 4/4
  1088 | D:1      | Reached XP level 3. HP: 30/30 MP: 5/5
  1091 | D:2      | Reached skill level 1 in Dodging
  1548 | D:2      | Reached XP level 4. HP: 29/38 MP: 6/6
  2046 | D:3      | Reached skill level 3 in Axes
  2049 | D:3      | Noticed Sigmund
  2207 | D:4      | Noticed a centaur
  2215 | D:4      | Killed a centaur
  2216 | D:4      | Reached XP level 5. HP: 31/45 MP: 7/7
  2415 | D:4      | Noticed an ogre
  2422 | D:4      | Noticed Pikel
  2425 | D:4      | Killed an ogre
  2426 | D:4      | Reached XP level 6. HP: 18/51 MP: 8/8
  2442 | D:4      | Killed Pikel
  2443 | D:4      | Reached skill level 4 in Axes
  2443 | D:4      | Reached skill level 1 in Throwing
  2443 | D:4      | Reached XP level 7. HP: 10/59 MP: 9/9
  3252 | D:5      | Entered Level 5 of the Dungeon
  4002 | D:5      | Reached skill level 5 in Axes
  4295 | D:5      | Noticed Dowan
  4295 | D:5      | Noticed Duvessa
  4304 | D:5      | Killed Duvessa
  4309 | D:5      | Reached XP level 8. HP: 59/67 MP: 10/10
  4312 | D:5      | Killed Dowan
  4313 | D:5      | Reached skill level 1 in Evocations
  5729 | D:6      | Identified the +3 chain mail "Taenn" {Drain +Blink rC+
                  | rCorr Dex+3}
  5787 | D:6      | Found Gozag's Platinum Reserve.
  5821 | D:6      | Noticed Eustachio
  5872 | D:6      | Killed Eustachio
  5949 | D:6      | Reached skill level 6 in Axes
  6589 | D:7      | Reached skill level 5 in Armour
  6595 | D:7      | Reached skill level 5 in Fighting
  6599 | D:7      | Reached XP level 9. HP: 39/74 MP: 11/11
  6896 | D:7      | Noticed Maggie
  6916 | D:7      | Killed Maggie
  6917 | D:7      | Reached skill level 5 in Shields
  7070 | D:7      | Found Qorgh's Lightly-Used Armoury.
  7316 | D:7      | Found a staircase to the Ecumenical Temple.
  7680 | D:8      | Found a transporter.
  7687 | D:8      | Noticed a two-headed ogre
  7689 | D:8      | Noticed an ice statue
  7689 | D:8      | Noticed LohmatiyShmel's ghost (novice GrFi)
  7725 | D:8      | Found a transporter.
  8793 | D:9      | Paralysed by a hornet for 2 turns
  8805 | D:9      | Reached skill level 7 in Axes
 10270 | D:3      | Killed Sigmund
 10577 | D:3      | Noticed Grinder
 10586 | D:3      | Killed Grinder
 10587 | D:3      | Reached XP level 10. HP: 83/83 MP: 13/13
 10591 | D:3      | Identified the amulet of Crawling {RegenMP *Corrode Dex+9}
 10900 | D:10     | Entered Level 10 of the Dungeon
 11011 | D:10     | Found a staircase to the Orcish Mines.
 11185 | D:10     | You fall into a shaft and drop 1 floor!
 11229 | D:10     | Reached skill level 5 in Dodging
 11393 | D:10     | Found a staircase to the Lair.
 11406 | D:10     | Reached skill level 8 in Axes
 12505 | D:10     | Found a portal to a secret trove of treasure.
 12781 | Orc:1    | Entered Level 1 of the Orcish Mines
 13017 | Orc:2    | Entered Level 2 of the Orcish Mines
 13367 | Orc:2    | Reached skill level 5 in Throwing
 13367 | Orc:2    | Noticed an ettin
 14009 | Lair:1   | Entered Level 1 of the Lair of Beasts
 14025 | Lair:1   | Found a transporter.
 14028 | Lair:1   | Noticed Exopec Gyir's ghost (journeyman PaBe)
 14032 | Lair:1   | Noticed Erica
 14051 | Lair:1   | HP: 2/84 [something/bolt of poison (13)]
 14331 | Lair:1   | Killed Erica
 14332 | Lair:1   | Reached XP level 11. HP: 69/91 MP: 14/14
 14357 | Lair:1   | Noticed a six-headed hydra
 14368 | Lair:1   | Killed a six-headed hydra
 14374 | Lair:1   | Found a frozen archway.
 14381 | IceCv    | Entered an ice cave
 15137 | IceCv    | Reached skill level 5 in Evocations
 15602 | IceCv    | Reached skill level 9 in Axes
 15866 | IceCv    | Noticed a reaper
 15894 | IceCv    | HP: 4/91 [reaper (4)]
 15897 | IceCv    | Killed a reaper
 17183 | Lair:1   | Found a transporter.
 17617 | Lair:1   | Noticed a seven-headed hydra
 17630 | Lair:1   | Killed a seven-headed hydra
 18068 | Lair:2   | Noticed an eight-headed hydra
 18075 | Lair:2   | Killed an eight-headed hydra
 18649 | Lair:2   | Reached skill level 10 in Axes
 18849 | Lair:2   | Reached XP level 12. HP: 100/100 MP: 15/15
 19032 | Lair:2   | Found a staircase to the Shoals.
 19753 | Lair:3   | Noticed a five-headed hydra
 19955 | Lair:3   | Noticed a five-headed hydra
 20033 | Lair:2   | Killed a five-headed hydra
 20354 | Lair:3   | Noticed a six-headed hydra
 20361 | Lair:3   | Killed a six-headed hydra
 20431 | Lair:3   | HP: 5/100 [five-headed hydra (13)]
 20438 | Lair:3   | HP: 1/100 [five-headed hydra (4)]
 20825 | Lair:3   | Killed a five-headed hydra
 21383 | Lair:4   | Found a gate leading to a gauntlet.
 21389 | Gauntlet | Entered a Gauntlet
 21389 | Gauntlet | Found a transporter.
 21389 | Gauntlet | Found a transporter.
 21393 | Gauntlet | Found a transporter.
 21393 | Gauntlet | Found a transporter.
 21400 | Gauntlet | Found a transporter.
 21422 | Gauntlet | Found a transporter.
 21469 | Gauntlet | Found a transporter.
 21473 | Gauntlet | Noticed a dire elephant
 21487 | Gauntlet | Found a transporter.
 21498 | Gauntlet | Found a transporter.
 21508 | Gauntlet | Noticed a hell beast
 21518 | Gauntlet | Found a transporter.
 21612 | Gauntlet | Found a transporter.
 21626 | Gauntlet | Found a transporter.
 21639 | Gauntlet | Found a transporter.
 21645 | Gauntlet | Noticed a quicksilver ooze
 21658 | Gauntlet | Found a transporter.
 21745 | Gauntlet | Found a transporter.
 21763 | Gauntlet | Found a transporter.
 22024 | Gauntlet | Killed a dire elephant
 22190 | Gauntlet | Identified the amulet of Tose Suu {Reflect Fly rN+ Will+
                  | SH+5}
 22266 | Gauntlet | Killed a hell beast
 22277 | Gauntlet | Identified the +1 troll leather armour of Cynosih {Regen+
                  | Int+3 Stlth+}
 22466 | Gauntlet | Noticed a minotaur
 22478 | Gauntlet | Killed a minotaur
 22621 | Lair:4   | Found a hole to the Spider Nest.
 23819 | Lair:4   | Reached skill level 11 in Axes
 24145 | Lair:5   | Found a staircase to the Slime Pits.
 24202 | Lair:5   | Noticed a six-headed hydra
 24440 | Lair:4   | Reached XP level 13. HP: 82/107 MP: 16/16
 25955 | Lair:5   | Identified the +9 long sword of the Poles {venom, +Blink
                  | rF+ SInv Stlth-}
 25981 | Lair:6   | Entered Level 6 of the Lair of Beasts
 26199 | Lair:6   | Noticed Josephine
 26360 | Lair:6   | Found a dark tunnel.
 26369 | Volcano  | Entered a volcano
 27385 | Volcano  | Identified the +1 helmet of Restlessness {Will+}
 27814 | Lair:6   | Killed Josephine
 27836 | Lair:6   | Found the +15 Maxwell's patent armour {-Cast -Tele rElec
                  | Will+ rCorr}
 28511 | Lair:6   | Reached skill level 12 in Axes
 30007 | Orc:2    | Reached XP level 14. HP: 78/116 MP: 17/17
 30556 | Orc:2    | Found Sumidono's Weapon Emporium.
 30596 | Orc:2    | Found a staircase to the Elven Halls.
 30677 | Orc:2    | Found Kacsaddy's Book Shoppe.
 30680 | Orc:2    | Found Maonnal's General Store.
 30687 | Orc:2    | Found Enyrph Dipekh's Weapon Emporium.
 30688 | Orc:2    | Found Caabil's Antique Armour Emporium.
 30780 | Orc:2    | Found Bueb's Overcharged Wands.
 31072 | Orc:2    | Bought a steaming kite shield for 285 gold pieces
 31072 | Orc:2    | Identified the +3 kite shield "Efask" {Rampage rElec Will-
                  | Int+3} (You bought it in a shop on level 2 of the Orcish
                  | Mines)
 31072 | Orc:2    | Bought a pair of glowing gloves for 225 gold pieces
 31410 | D:11     | Identified the +2 quarterstaff of Cosirac {venom, Drain rF+
                  | Int+9 Dex-4}
 31548 | D:11     | Found Henoorgh's CLEARANCE SALE!.
 31557 | D:11     | Bought the +2 pair of boots "Ibli Cethri" {rC+ Stlth+} for
                  | 156 gold pieces
 31557 | D:11     | Bought the +1 pair of gloves of the Shoals {rPois rF+
                  | Str+4} for 180 gold pieces
 31800 | D:12     | Noticed a sphinx
 32081 | D:12     | Killed a sphinx
 32235 | D:12     | Reached skill level 13 in Axes
 33744 | D:13     | Identified the +0 leather armour of Inference {Rampage
                  | Int+2}
 33751 | D:13     | Noticed Sonja
 33762 | D:13     | Killed Sonja
 34195 | D:14     | Found a runed translucent gate.
 34195 | D:14     | Found a runed translucent gate.
 34198 | D:14     | Found a runed translucent gate.
 34273 | D:14     | Found a gate to the Vaults.
 35000 | D:14     | Reached XP level 15. HP: 89/126 MP: 18/18
 35353 | D:14     | Noticed Garym's ghost (journeyman MiBe)
 35365 | D:15     | Entered Level 15 of the Dungeon
 35985 | D:15     | Found a staircase to the Depths.
 36091 | D:15     | Found a transporter.
 36095 | D:15     | Noticed Ruat's ghost (adept DECj)
 36113 | D:15     | Found a transporter.
 36122 | D:15     | Noticed a storm dragon
 36372 | D:15     | Reached skill level 10 in Armour
 37300 | Spider:1 | Entered Level 1 of the Spider Nest
 37314 | Spider:1 | Reached skill level 10 in Shields
 37443 | Spider:1 | Reached skill level 10 in Fighting
 38032 | Spider:1 | Reached skill level 14 in Axes
 38131 | Spider:1 | Identified the ring "Nicher" {Ice rElec rN+}
 39252 | Spider:2 | Found a runed translucent door.
 39361 | Spider:2 | Reached skill level 10 in Dodging
 40524 | Spider:2 | Learned a level 2 spell: Blink
 40530 | Spider:2 | Learned a level 5 spell: Manifold Assault
 40582 | Spider:2 | Noticed Detar's ghost (adept HOFi)
 41325 | Spider:3 | Reached skill level 1 in Translocations
 41325 | Spider:3 | Reached XP level 16. HP: 129/135 MP: 20/20
 41562 | Spider:3 | Reached skill level 1 in Spellcasting
 42154 | Spider:3 | Reached skill level 10 in Throwing
 42279 | Spider:4 | Entered Level 4 of the Spider Nest
 42290 | Spider:4 | Noticed Arachne
 42313 | Spider:4 | Killed from afar by Arachne

Illustrated notes

Levels and vault maps discovered:
D:1:      kilobyte_arrival_exit_the_forest, layout_rooms,
          shapermc_ecumenical_altar_ellora, minmay_crystal_water
D:2:      layout_basic, chequers_jeans, minmay_pentomino_t4
D:3:      layout_loops_corners, minmay_fractal_squares_gapless_5, uniq_grinder,
          uniq_sigmund
D:4:      layout_rooms, mainiacjoe_overflow_alcove_4, uniq_pikel
D:5:      layout_loops_ring, jmf_multi_god_temple, uniq_duvessa
D:6:      layout_cave_pools, beargit_hepliaklqana_dungeon_heroes,
          nicolae_gozag_zags_fifth_avenue, uniq_eustachio
D:7:      layout_basic, mainiacjoe_overflow_six_doors_small,
          minmay_temple_entry_hall, minmay_curled_crystal,
          minmay_misc_feat_plants, minmay_shop_damaged, uniq_maggie
D:8:      layout_basic, nzn_ghost_randoct
D:9:      layout_gridville, xom_butterflies, okawaru_gym_becter,
          lightli_orcish_oven
D:10:     layout_roguey, erik_lair_island, zombieorc2_lemuel,
          nicolae_trove_entry_columns
D:11:     layout_rooms, nicolae_shop_clearance
D:12:     minmay_diamond_stairs, layout_small_grid,
          chequers_serial_rivers_large_b, serial_bayou_crossing
D:13:     layout_big_octagon, kennysheep_nub, uniq_sonja
D:14:     layout_loops_ring, david_vaults_2, serial_park_avenue1,
          gammafunk_ghost_necromancy, minmay_statues_item
D:15:     gammafunk_enter_depths_forms, layout_loops_ring,
          gammafunk_ghost_berserking_beasts, minmay_misc_feat_chi
Lair:1:   layout_gridlike, gammafunk_ghost_arena,
          portal_ice_cave_entry_pillars_1, chequers_serial_rivers_micro_e,
          uniq_erica
Lair:2:   layout_roguey, shoals_dummy_entry, lemuel_old_faithful,
          serial_bayou_shore_a, grunt_megastairs_4
Lair:3:   hellmonk_warped_wall, layout_cave_shapes, serial_bayou_shore_b
Lair:4:   layout_roguey, dummy_spider_entry, gauntlet_entry_generic
Lair:5:   layout_hall_layers, slime_dummy, special_room
          [special_room_mythical_zoo]
Lair:6:   hangedman_lair_caniforms_friends, layout_concentric_octagons,
          nicolae_volcano_entry_hallway, dreamdust_deal_with_the_devil,
          grunt_forest_large_clearings, uniq_josephine
Spider:1: layout_spider_delve, nicolae_spider_webbed_stairs
Spider:2: layout_spider_delve, ebering_ghost_inner_flame, special_room
          [special_room_bee], drop_trap
Spider:3: layout_spider_delve
Spider:4: grunt_spider_rune_circles, einodemon_crawler_minivault, uniq_arachne
Orc:1:    layout_diamond_mine, mines2_david
Orc:2:    st_orc_open, layout_caves, serial_shops, nicolae_shop_statue_plus,
          nicolae_shop_overcharged_wands

Skill      XL: |  1  2  3  4  5  6  7  8  9 10 11 12 13 14 15 16 |
---------------+-------------------------------------------------+-----
Axes           | 2 3 4 5 6 7 8 10 11 12 13 14 | 14.7
Dodging        | 1 2 3 4 5 6 7 8 9 10 | 10.2
Armour         | 3 4 5 6 7 8 9 10 | 10.7
Fighting       | 3 4 5 6 7 8 9 10 | 10.5
Shields        | 3 4 5 6 7 8 9 10 | 10.5
Throwing       | 1 2 3 4 5 6 7 8 9 10 | 10.0
Evocations     | 2 3 4 5 6 7 8 9 |  9.7
Translocations | 1 2 |  2.0
Spellcasting   | 1 |  1.2

Action                   |  1- 3 |  4- 6 |  7- 9 | 10-12 | 13-15 | 16-18 || total
-------------------------+-------+-------+-------+-------+-------+-------++-------
Melee: War axe           |    79 |    51 |   365 |    85 |  1160 |    83 ||  1823
       Hand axe          |       |       |    35 |   554 |       |       ||   589
       Morningstar       |       |       |       |   216 |    30 |       ||   246
Throw: Throwing net      |       |     2 |       |     1 |       |       ||     3
       Dart              |       |       |     1 |     5 |     1 |       ||     7
       Javelin           |       |       |       |       |    10 |       ||    10
       Boomerang         |       |       |       |       |    64 |       ||    64
Evoke: Wand              |       |       |       |    11 |     8 |       ||    19
  Use: Potion            |       |       |       |     6 |     2 |     1 ||     9
       Scroll            |       |       |       |    22 |     8 |       ||    30
 Stab: Held in net/web   |       |     1 |       |     1 |       |       ||     2
       Distracted        |       |       |       |     1 |    23 |     1 ||    25
       Petrified         |       |       |       |       |     3 |       ||     3
       Petrifying        |       |       |       |       |     1 |       ||     1
       Paralysed         |       |       |       |       |     1 |       ||     1
Armor: Scale mail        |    16 |       |       |       |       |       ||    16
       Chain mail        |    44 |    28 |   223 |   486 |    65 |       ||   846
       Plate armour      |       |       |       |       |   598 |    58 ||   656
Dodge: Dodged            |    28 |    18 |   190 |   452 |   384 |    16 ||  1088
Block: Buckler           |    22 |    11 |    94 |   319 |   182 |       ||   628
       Reflection        |       |       |       |     1 |    20 |     2 ||    23
       Kite shield       |       |       |       |       |   730 |    72 ||   802
